 Dungeon Crawl Stone Soup version 0.23.0 (console) character file.

Game seed: 15753586963198301425

1165 Garrluk the Cleaver (level 8, 0/68 HPs)
             Began as a Deep Dwarf Fighter on Feb 17, 2019.
             Killed by divine providence
             ... invoked by an orc priest
              (7 damage)
             ... on level 6 of the Dungeon.
             The game lasted 00:07:22 (1023 turns).

Garrluk the Cleaver (Deep Dwarf Fighter)            Turns: 1023, Time: 00:07:23

Health: 0/68       AC:  8    Str: 23    XL:     8   Next: 17%
Magic:  5/5        EV:  5    Int: 13    God:
Gold:   86         SH: 14    Dex: 14    Spells: 7/7 levels left

rFire    . . .     SeeInvis .   n - +2 war axe of Dried Tears {elec, Str+2} (curse)
rCold    . . .     Gourm    .   o - +0 large shield
rNeg     . . .     Faith    .   b - +0 scale mail
rPois    .         Spirit   .   (no helmet)
rElec    .         Reflect  .   (no cloak)
rCorr    .         Harm     .   j - +0 pair of gloves
MR       +....                  (no boots)
Stlth    ..........             (no amulet)
HPRegen  0.00/turn              i - +5 ring of intelligence
MPRegen  0.09/turn              (no ring)

@: non-regenerating
A: damage resistance, heal wounds, sense surroundings 1, no regeneration
a: Heal Wounds


You were on level 6 of the Dungeon.
You were not hungry.

You visited 1 branch of the dungeon, and saw 7 of its levels.

You collected 86 gold pieces.

Inventory:

Hand Weapons
 a - a +0 war axe
 n - the cursed +2 war axe of Dried Tears (weapon) {elec, Str+2}
   (You found it on level 4 of the Dungeon)

   Occasionally, upon striking a foe, it will discharge some electrical energy
   and cause terrible harm.
   It affects your strength (+2).
   It has a curse placed upon it.
Armour
 b - a +0 scale mail (worn)
 c - a +0 shield
 j - a +0 pair of gloves (worn)
 o - a +0 large shield (worn)
Jewellery
 i - a +5 ring of intelligence (left hand)
Scrolls
 e - a scroll of remove curse {unknown}
 h - a scroll of blinking {unknown}
 k - 2 scrolls of random uselessness {unknown}
 m - a scroll of teleportation {unknown}
 p - a scroll of noise {unknown}
Potions
 d - 2 potions of cancellation {unknown}
 g - a potion of lignification {unknown}
 q - a potion of magic {unknown}
Comestibles
 f - 7 rations
 l - 4 chunks of flesh


   Skills:
 - Level 2.6 Fighting
 * Level 10.7 Axes
 - Level 3.2 Armour
 - Level 3.2 Shields


You had 7 spell levels left.
You didn't know any spells.
Your spell library was empty.

Dungeon Overview and Level Annotations

Branches:
Dungeon (7/15)
 Temple: D:4-7

Altars:
Trog
Zin


Innate Abilities, Weirdness & Mutations

You are resistant to damage.
You can heal yourself by infusing magical energy.
You passively map a small area around you.
You do not regenerate.


Message History

There is an open door here.
You closely miss the orc warrior. You block the orc warrior's attack.
The orc priest looks braver for a moment.
Your shield prevents you from hitting the orc warrior.
You hit the orc warrior.
The orc warrior is lightly wounded.
The orc priest invokes the aid of Beogh against you.
Beogh smites you!
* * * LOW HITPOINT WARNING * * *
You block the orc warrior's attack.
Some of the chunks of flesh in your inventory have rotted away.
You closely miss the orc priest.
You hit the orc warrior but do no damage.
Lightning courses through the orc warrior!
The orc priest invokes the aid of Beogh against you.
Beogh smites you!
* * * LOW HITPOINT WARNING * * *
The orc priest calls down the wrath of Beogh upon you.
Beogh smites you!
You die...

, , * , , * #..... , , ...
....+.....* ... ,#....#..... * ,
....,#....#..... , * , ....
#....#..... , ....##....#.?.o. ,
..........#....o###### ,
..........#....o@....#, ,,
.....>....#.....#....#, ....,
..........#.....#....# ..... ,
..........#.....#....#...... ,
########'##.....#....#......
................+....#......,..#
................####'#......,..#
............................ ..##
..<...................##+####....
...........#####......#.....#....
......###### #......'.....#....


You could see an orc warrior and 2 orc priests.

Vanquished Creatures
  Menkaure (D:4)
  An ice beast (D:6)
  A sky beast (D:7)
  A phantom (D:5)
  A black bear (D:6)
  2 ogres
  Blork the orc (D:4)
  A scorpion (D:4)
  2 howler monkeys (D:7)
  A jelly (D:7)
  2 orc priests (D:4)
  A hound (D:4)
  A bullfrog skeleton (D:6)
  3 worker ants
  A hound zombie (D:5)
  A hound skeleton (D:6)
  A worker ant zombie (D:6)
  3 gnolls (D:3)
  3 adders
  2 oozes
  An adder skeleton (D:4)
  3 leopard geckos
  7 orcs
  A ball python (D:7)
  A giant cockroach (D:4)
  2 goblins
  3 jackals (D:6)
  4 kobolds
  2 quokkas
  3 bats
  A rat (D:1)
58 creatures vanquished.

Notes
Turn   | Place    | Note
-------+----------+-------------------------------------------
     0 | D:1      | Garrluk the Deep Dwarf Fighter began the quest for the Orb.
     0 | D:1      | Reached XP level 1. HP: 20/20 MP: 1/1
   191 | D:2      | Reached skill level 3 in Axes
   191 | D:2      | Reached XP level 2. HP: 27/27 MP: 2/2
   234 | D:2      | Reached skill level 4 in Axes
   234 | D:2      | Reached XP level 3. HP: 29/33 MP: 3/3
   306 | D:4      | Reached skill level 5 in Axes
   306 | D:4      | Reached XP level 4. HP: 24/40 MP: 4/4
   338 | D:4      | Noticed Blork the orc
   361 | D:4      | Reached XP level 5. HP: 30/46 MP: 4/4
   362 | D:4      | Killed Blork the orc
   362 | D:4      | Reached skill level 6 in Axes
   413 | D:4      | Noticed Menkaure
   424 | D:4      | Killed Menkaure
   424 | D:4      | Reached skill level 7 in Axes
   424 | D:4      | Reached XP level 6. HP: 36/55 MP: 4/4
   488 | D:4      | Found a bloodstained altar of Trog.
   492 | D:4      | Got a scorched war axe
   493 | D:4      | Identified the cursed +2 war axe of Dried Tears {elec,
                  | Str+2} (You found it on level 4 of the Dungeon)
   521 | D:5      | Entered Level 5 of the Dungeon
   609 | D:5      | Reached skill level 8 in Axes
   651 | D:6      | Reached XP level 7. HP: 36/61 MP: 5/5
   684 | D:6      | Reached skill level 9 in Axes
   791 | D:7      | Found a glowing silver altar of Zin.
   853 | D:7      | Reached skill level 10 in Axes
   913 | D:6      | Reached XP level 8. HP: 40/68 MP: 5/5
  1023 | D:6      | Killed from afar by an orc priest

Skill      XL: |  1  2  3  4  5  6  7 |
---------------+----------------------+-----
Axes           | 3 4 5 7 8 10 | 10.7
Fighting       | |  2.6
Armour         | |  3.2
Shields        | |  3.2

Action                   |  1- 3 |  4- 6 |  7- 9 || total
-------------------------+-------+-------+-------++-------
Melee: War axe           |    74 |    62 |    68 ||   204
 Abil: Heal Wounds       |     2 |     3 |     1 ||     6
  Use: Potion            |       |     1 |       ||     1
  Eat: Chunk             |       |       |     1 ||     1
Armor: Scale mail        |    46 |    30 |    23 ||    99
Dodge: Dodged            |    27 |    25 |     7 ||    59
Block: Shield            |    59 |    42 |       ||   101
       Large shield      |       |       |    45 ||    45
